 Dungeon Crawl Stone Soup version 0.26-a0-690-gcb57259078 (webtiles) character file.

Game seed: 6796712627074642189

144 somkeydreadnuts the Firebug (level 5, 0/35 HPs)
             Began as a Barachi Fire Elementalist on Oct 24, 2020.
             Slain by a small abomination (15 damage)
             ... created by the touch of Lugonu
             ... on level 3 of the Dungeon.
             The game lasted 00:16:05 (2935 turns).

somkeydreadnuts the Firebug (BaFE)                  Turns: 2935, Time: 00:16:06

Health: 0/35       AC:  4    Str:  9    XL:     5   Next: 26%
Magic:  0/8        EV: 14    Int: 17    God:
Gold:   135        SH:  5    Dex: 12    Spells: 8/9 levels left

rFire    . . .     SeeInvis .   (no weapon)
rCold    . . .     Faith    .   (no shield)
rNeg     . . .     Spirit   .   a - +0 robe
rPois    .         Reflect  +   (no helmet)
rElec    .         Harm     .   (no cloak)
rCorr    .         Rampage  .   (no gloves)
MR       .....                  (no boots)
Stlth    ++........             h - amulet of reflection
HPRegen  0.11/turn              (no ring)
MPRegen  0.11/turn              (no ring)

@: slow
A: +LOS, swims, repulsion field 1, iridescent scales 1, slowness 1, strong legs
1
a: Hop


You were on level 3 of the Dungeon.
You visited 1 branch of the dungeon, and saw 3 of its levels.

You collected 135 gold pieces.

Inventory:

Missiles
 n - 79 stones (quivered)
Armour
 a - a +0 robe (worn)
 t - a +0 ring mail of positive energy
Jewellery
 h - an amulet of reflection (around neck)
 m - an uncursed amulet of regeneration
Wands
 o - a wand of paralysis (5)
 s - a wand of digging (4)
Scrolls
 b - a scroll of magic mapping {unknown}
 c - 2 scrolls of identify {unknown}
 f - 3 scrolls of fog {unknown}
 g - a scroll of immolation {unknown}
 i - 3 scrolls of remove curse {unknown}
 j - a scroll of teleportation {unknown}
 k - a scroll of blinking {unknown}
 l - 2 scrolls of fear {unknown}
 r - a scroll of random uselessness {unknown}
Potions
 d - a potion of curing {unknown}
 e - a potion of flight
 p - a potion of magic {unknown}
 q - a potion of lignification {unknown}


   Skills:
 - Level 2.1 Dodging
 - Level 2.1 Stealth
 - Level 0.1 Unarmed Combat
 + Level 2.5 Spellcasting
 - Level 3.1 Conjurations
 - Level 5.1 Fire Magic


You had 8 spell levels left.
You knew the following spells:

 Your Spells              Type           Power        Failure   Level
a - Foxfire               Conj/Fire      ###.         3%          1

Your spell library contained the following spells:

 Spells                   Type           Power        Failure   Level
 Conjure Flame            Conj/Fire      ###.....     10%         3
 Inner Flame              Hex/Fire       ##......     19%         3
 Sticky Flame             Conj/Fire      ###.....     32%         4
 Fireball                 Conj/Fire      ###.......   67%         5
 Cause Fear               Hex            #.........   88%         4
 Silence                  Hex/Air        #.........   99%         5
 Yara's Violent Unravell  Hex/Tmut       #.........   99%         5
 Discord                  Hex            #.........   100%        8


Dungeon Overview and Level Annotations

Branches:
Dungeon (3/15)

Altars:
Kikubaaqudgha
Uskayaw
Zin
Lugonu

Annotations:
D:3 1 runed translucent door


Innate Abilities, Weirdness & Mutations

You can be seen from farther away. (+LOS)
You can swim through water.
You cover ground slowly.
You can hop short distances.
You are surrounded by a mild repulsion field. (EV +2)
You are partially covered in iridescent scales. (AC +2)


Message History

The foxfire hits the small abomination but does no damage.
The small abomination is moderately damaged.
The small abomination completely misses you.
Casting: Foxfire (safe; 3% risk of failure)
Confirm with . or Enter, or press ? or * to list all spells.
You conjure some foxfire!
The small abomination hits you!!
Ouch! That really hurt!
Casting: Foxfire (safe; 3% risk of failure)
Confirm with . or Enter, or press ? or * to list all spells.
You conjure some foxfire!
The foxfire hits the small abomination.
The small abomination is moderately damaged.
The foxfire hits the small abomination but does no damage.
The small abomination is moderately damaged.
The foxfire hits the small abomination but does no damage.
The small abomination is moderately damaged.
The small abomination barely misses you.
Casting: Foxfire (safe; 3% risk of failure)
Confirm with . or Enter, or press ? or * to list all spells.
You conjure some foxfire!
The small abomination hits you!
You die...

##### #...####
#.#....# #...##.#
##.###.###############
#.###.......v@x.)...#
#.....###>..§vv.......
#####.# #..######)....
#.# #..# .... #.# #.v#
.. #.# #..# . #.# #..#
#.# #..# #.# #..#


You could see a small abomination.

Vanquished Creatures
  A bullfrog skeleton (D:3)
  Ijyb (D:3)
  3 adders (D:2)
  3 dart slugs
  2 orcs (D:3)
  10 bats
  A giant cockroach (D:1)
  10 goblins
  11 hobgoblins
  A quokka (D:2)
  A ball python (D:3)
  3 frilled lizards
  2 kobolds (D:2)
  7 rats
56 creatures vanquished.

Vanquished Creatures (others)
  177 foxfires
177 creatures vanquished.

Grand Total: 233 creatures vanquished

Notes
Turn   | Place    | Note
-------+----------+-------------------------------------------
     0 | D:1      | somkeydreadnuts the Barachi Fire Elementalist began the
                  | quest for the Orb.
     0 | D:1      | Reached XP level 1. HP: 13/13 MP: 3/3
   369 | D:1      | Reached XP level 2. HP: 19/19 MP: 3/5
   968 | D:1      | Reached skill level 4 in Fire Magic
   968 | D:1      | Reached XP level 3. HP: 24/24 MP: 1/6
  1487 | D:1      | Gained mutation: You are partially covered in iridescent
                  | scales. (AC +2) [potion of mutation]
  1487 | D:1      | Gained mutation: You are surrounded by a mild repulsion
                  | field. (EV +2) [potion of mutation]
  1749 | D:2      | Reached XP level 4. HP: 30/30 MP: 4/7
  1866 | D:2      | Found a hide-covered altar of Uskayaw.
  2013 | D:2      | Found a faded altar of an unknown god.
  2030 | D:2      | Became a worshipper of Lugonu the Unformed
  2030 | D:2      | Reached * piety under Lugonu
  2030 | D:2      | Reached ** piety under Lugonu
  2031 | D:2      | Fell from the grace of Lugonu
  2174 | D:2      | Found an ancient bone altar of Kikubaaqudgha.
  2400 | D:2      | Found a glowing silver altar of Zin.
  2479 | D:3      | Found a glowing silver altar of Zin.
  2480 | D:3      | Found a runed translucent door.
  2480 | D:3      | Noticed an angel
  2482 | D:3      | Noticed Ijyb
  2565 | D:3      | Killed Ijyb
  2587 | D:3      | Reached skill level 5 in Fire Magic
  2857 | D:3      | Reached XP level 5. HP: 27/35 MP: 3/8
  2929 | D:3      | Noticed a small abomination
  2935 | D:3      | Slain by a small abomination

Illustrated notes

Levels and vault maps discovered:
D:1:      dpeg_arrival_arbitrary_a, layout_loops_corners
D:2:      layout_rooms, lemuel_crystal_altar, old_standard_altar,
          marbit_many_paths, chequers_ecumenical_altar_island
D:3:      layout_loops_ring, lemuel_angel_altar, uniq_robin, uniq_ijyb

Skill      XL: |  1  2  3  4  5 |
---------------+----------------+-----
Stealth        | 2 |  2.1
Fire Magic     | 4 5 |  5.1
Conjurations   | 2 3 |  3.1
Dodging        | |  2.1
Unarmed Combat | |  0.1
Spellcasting   | |  2.5

Action                   |  1- 3 |  4- 6 || total
-------------------------+-------+-------++-------
Melee: Unarmed           |     6 |    62 ||    68
 Cast: Foxfire           |    55 |    66 ||   121
Invok: Renounce Religion |       |     1 ||     1
 Abil: Hop               |       |     1 ||     1
  Use: Potion            |     3 |       ||     3
Armor: Robe              |    11 |    16 ||    27
Dodge: Dodged            |    34 |    50 ||    84
Block: Other             |       |    13 ||    13

Table legend: (Time is in decaauts)
 A = Elapsed time spent in this place.
 B = Non-inter-level travel time spent in this place.
 C = Inter-level travel time spent in this place.
 D = Time resting spent in this place.
 E = Time spent auto-exploring this place.
 F = Levels seen in this place.
 G = Mean time per level.
                   A        B        C        D        E       F      G
               +--------+--------+--------+--------+--------+-----+--------+
         Total |   3282 |   3282 |      0 |      0 |   2216 |   3 | 1094.0 |
       Dungeon |   3282 |   3282 |      0 |      0 |   2216 |   3 | 1094.0 |
               +--------+--------+--------+--------+--------+-----+--------+

Top non-repeatable levels by time:
     D:1: 1821 daAuts
     D:2: 894 daAuts
     D:3: 567 daAuts
